 Dungeon Crawl Stone Soup version 0.31-a0-246-g8cbcc1c (webtiles) character file.

Game seed: 15869658562204948212

39884 Dawnplanks the Brawler (level 13, -4/112 (118) HPs)
             Began as a Troll Shapeshifter on July 12, 2023.
             Was a Priest of Ru.
             Slain by an azure jelly (44 damage)
             ... on level 4 of the Lair of Beasts.
             The game lasted 00:35:27 (12225 turns).

Dawnplanks the Brawler (Troll Shapeshifter)        Turns: 12225, Time: 00:35:28

HP:   -4/112 (118)  AC:  8    Str: 33    XL:     13   Next: 71%
MP:   12/12         EV: 11    Int:  7    God:    Ru [***...]
Gold: 402           SH: 13    Dex: 14    Spells: 12/12 levels left

rFire   . .          .
                       - Unarmed
rCold   . . .        T - +5 Storm Queen's Shield {shock, Fly rElec}
rNeg    . . .        P - +0 troll leather armour
rPois   +            (helmet currently unavailable)
rElec   +            (cloak currently unavailable)
rCorr   .            (gloves unavailable)
SInv    .            (boots unavailable)
Will    +....        (no amulet) Stlth
                     O - ring of poison resistance
HPRegen 1.98/turn    d - +6 ring of dexterity
MPRegen 0.13/turn

%: no passive effects
@: exhausted, beast-form, flying, studying 3 skills, drained, unable to read
A: beast (slay +6), large, unfitting armour, claws 3, regeneration 1, shaggy fur
1, tough skin 1, inability to read after injury 2, no stealth, hated by all,
iridescent scales 1, clever 1, strong-willed 1, strong 1
a: Renounce Religion, Draw Out Power


You were on level 4 of the Lair of Beasts.
You worshipped Ru.
Ru was most pleased with you.
You were a hulking beast.
You visited 3 branches of the dungeon, and saw 17 of its levels.
You also visited: Ossuary and Volcano.

You collected 1115 gold pieces.
You spent 713 gold pieces at shops.

Inventory:

Missiles
 g - 14 boomerangs (quivered)
 j - a throwing net
 l - 13 atropa-tipped darts
Armour
 P - a +0 troll leather armour (worn)
 Q - the +1 helmet of Fegem {+Blink rPois Str-3 Dex+6}
   (You found it in a volcano)

   Str:       It affects your strength (-3).
   Dex:       It affects your dexterity (+6).
   rPois:     It protects you from poison.
   +Blink:    It lets you blink.
 T - the +5 Storm Queen's Shield (worn) {shock, Fly rElec}
   (You bought it in a shop on level 6 of the Dungeon)

   Shock:     When it blocks an attack, it may electrocute the attacker.
   This works even against foes who are a short distance away.
   rElec:     It insulates you from electricity.
   Fly:       It grants you flight.
Jewellery
 d - a +6 ring of dexterity (right claw)
 e - a ring of flight
 o - a ring of positive energy
 q - a ring of protection from fire
 u - a +6 ring of dexterity
 B - a ring of positive energy
 D - a ring of fire
 O - a ring of poison resistance (left claw)
Talismans
 c - a beast talisman
Wands
 G - a wand of flame (9)
 H - a wand of polymorph (14)
 N - a wand of iceblast (9)
Scrolls
 m - 4 scrolls of teleportation
 r - a scroll of enchant weapon {unknown}
 s - 2 scrolls of blinking {unknown}
 t - a scroll of amnesia {unknown}
 v - 2 scrolls of immolation {unknown}
 w - 2 scrolls of noise {unknown}
 y - 4 scrolls of poison {unknown}
 A - 2 scrolls of enchant armour {unknown}
 I - a scroll of summoning {unknown}
 K - 2 scrolls of brand weapon {unknown}
 L - a scroll of torment {unknown}
 M - 2 scrolls of vulnerability {unknown}
 S - a scroll of fog {unknown}
 U - a scroll of fear {unknown}
 V - a scroll of identify
Potions
 a - 3 potions of berserk rage
 b - a potion of lignification
 f - 2 potions of heal wounds
 h - 10 potions of curing
 i - a potion of cancellation {unknown}
 k - 7 potions of mutation
 n - 2 potions of might
 p - 7 potions of brilliance
 x - 2 potions of magic
 z - a potion of enlightenment
 C - a potion of haste
 E - 2 potions of attraction
 F - 2 potions of resistance
 J - a potion of experience {unknown}
 R - a potion of ambrosia {unknown}


   Skills:
 + Level 5.3 Fighting
 + Level 1.6 Throwing
 + Level 4.9 Armour
 + Level 7.0 Dodging
 + Level 1.8 Shields
 + Level 18.7 Unarmed Combat
 + Level 9.5 Shapeshifting


You had 12 spell levels left.
You didn't know any spells.
Your spell library contained the following spells:

 Spells                   Type           Power      Damage    Failure   Level
 Slow                     Hex            0%         N/A       67%         1
 Blink                    Tloc           0%         N/A       82%         2
 Sublimation of Blood     Necr           0%         N/A       82%         2
 Wereblood                Tmut           0%         N/A       82%         2
 Confusing Touch          Hex            0%         N/A       96%         3
 Frozen Ramparts          Ice            0%         1d1       96%         3
 Hailstorm                Conj/Ice       0%         3d3       96%         3
 Inner Flame              Hex/Fire       0%         N/A       96%         3
 Ozocubu's Armour         Ice            0%         N/A       96%         3
 Portal Projectile        Hex/Tloc       0%         N/A       96%         3
 Vampiric Draining        Necr           0%         2d6       96%         3
 Flame Wave               Conj/Fire      0%         2d4       100%        4
 Iskenderun's Mystic Bla  Conj/Tloc      0%         2d3       100%        4
 Manifold Assault         Tloc           0%         N/A       100%        4
 Petrify                  Tmut/Erth      0%         N/A       100%        4
 Sticky Flame             Conj/Fire      0%         2d3       100%        4
 Irradiate                Conj/Tmut      0%         3d11      100%        5
 Metabolic Englaciation   Hex/Ice        0%         N/A       100%        5
 Dispersal                Tloc           0%         N/A       100%        6
 Ozocubu's Refrigeration  Ice            0%         4d7       100%        7
 Disjunction              Tloc           0%         N/A       100%        8
 Tukima's Dance           Hex            Unusable   N/A       N/A         3
 Summon Ice Beast         Ice/Summ       Unusable   N/A       N/A         4
 Simulacrum               Ice/Necr       Unusable   N/A       N/A         6
 Summon Hydra             Summ           Unusable   N/A       N/A         7

Dungeon Overview and Level Annotations

Branches:
Dungeon (12/15)            Temple (1/1) D:7            Lair (4/5) D:9
  Swamp (0/4) Lair:2       Spider (0/4) Lair:3          Orc (0/2) D:9
Ossuary (visited)         Volcano (visited)
  Slime: Lair:4-5

Altars:
Ashenzari
Cheibriados
Dithmenos
Elyvilon
Gozag
Kikubaaqudgha
Makhleb
Nemelex Xobeh
Okawaru
Qazlal
Ru
Sif Muna
Trog
Uskayaw
Vehumet
Wu Jian
Xom
Zin
The Shining One

Shops:
D:1 !!([   D:2 [   D:3 !   D:4 :(!=?   D:6 *

Annotations:
D:5 2 transporters
D:12 1 runed translucent door


Innate Abilities, Weirdness & Mutations

You are a hulking beast.
Your limbs bulge with bestial killing power. (Slay +6)
You are too large for most types of armour.
You have claws for hands.
Your natural rate of healing is unusually fast.
You are covered in fur. (AC +1)
You have tough skin. (AC +1)
You sometimes lose the ability to read scrolls when taking damage.
You cannot be stealthy.
You are hated by all.
You are partially covered in iridescent scales. (AC +2)
Your mind is acute. (Int +4, Str/Dex -1)
You are strong-willed. (Will+)
Your muscles are strong. (Str +4, Int/Dex -1)


Message History

The jelly hits you but does no damage.
You eviscerate the jelly!!!
You kill the jelly!
You mangle the slime creature!!
The slime creature is heavily wounded.
You block the slime creature's attack.
Your shield discharges, shocking the slime creature!
You scratch the slime creature but do no damage.
The slime creature is severely wounded.
The slime creature hits you! You block the slime creature's attack.
Your shield discharges, shocking the slime creature!
You mangle the slime creature!!
You kill the slime creature!
You mangle the slime creature!!
The slime creature is heavily wounded.
The slime creature hits you!
You mangle the slime creature!!
The slime creature is almost dead.
The azure jelly hits you. The azure jelly freezes you!!
You feel threatened and lose the ability to read scrolls!
The azure jelly hits you. The azure jelly freezes you!!
* * * LOW HITPOINT WARNING * * *
The azure jelly hits you but does no damage.
The azure jelly hits you.
* * * LOW HITPOINT WARNING * * *
The slime creature misses you.
You are restored by drawing out deep reserves of power within.
You feel drained. The azure jelly hits you! The azure jelly freezes you!!
* * * LOW HITPOINT WARNING * * *
The azure jelly hits you but does no damage.
You block the azure jelly's attack. The azure jelly hits you!
* * * LOW HITPOINT WARNING * * *
You block the slime creature's attack.
The azure jelly is stunned by your conviction and fails to attack.
You feel much better.
The slime creature is stunned by your conviction and fails to attack.
You block the azure jelly's attack.
Your shield discharges, shocking the azure jelly!
The azure jelly hits you! The azure jelly freezes you!!!
You die...

.###...#.....#..##
..##...##.#######
.##.##..####*
.#...#.#*##.##* *####**
......##*.....#######....,**
.#.....#,,,..............,,*
.#.#...#,,,,,............,,*
.......#,,,,,*#J........,,,*
...##..##,,,,,#.hJ..#,,,,,**
..####..#*,,,*###..##*,,,**
.## ##.####### #...# *****
## #..###..P###...#
##.##.........##
*#......#..####
*#.#....##### #.####### ##*


You could see an azure jelly and a slime creature.

Vanquished Creatures
  A fire dragon (Volcano)
  Erolcha (D:9)
  A hydra (Lair:3)
  2 catoblepae (Lair:4)
  A two-headed ogre (D:8)
  Urug (D:11)
  2 skysharks
  2 lindwurms
  Pikel (D:7)
  An ugly thing (D:11)
  4 manticores
  8 elephants
  A torpor snail (Lair:3)
  2 molten gargoyles (Volcano)
  6 cane toads
  13 komodo dragons
  7 trolls
  A hornet (D:8)
  4 blink frogs (Lair:2)
  Grinder (D:3)
  13 dream sheep
  A slime creature (Lair:4)
  3 wraiths
  A jumping spider (Lair:2)
  2 shadows (D:9)
  3 culicivoras
  Sigmund (D:2)
  5 wyverns
  27 yaks
  10 fire bats (Volcano)
  5 redbacks (Lair:3)
  2 basilisks (Lair:3)
  6 steam dragons
  Edmund (D:4)
  A hell hound (Volcano)
  8 water moccasins
  2 acid dragons
  A sky beast (D:7)
  5 orc warriors
  An ice beast (D:5)
  3 black bears
  3 ogres
  17 wolves
  4 centaurs
  A lemure (D:7)
  2 kobold brigands
  A phantom (D:3)
  12 bullfrogs
  20 wights
  5 electric eels
  7 lava snakes (Volcano)
  5 howler monkeys
  6 jellies
  Crazy Yiuf (D:6)
  5 orc priests
  8 hounds
  11 orc wizards
  2 sleepcaps
  Natasha (thrice) (D:4)
  15 iguanas
  A mummy (D:4)
  5 gnolls
  6 adders
  A shadow imp (D:5)
  A white imp (D:7)
  An ufetubus (D:7)
  An adder zombie (Ossuary)
  2 worms
  A dart slug (D:1)
  11 orcs
  5 endoplasms
  A giant cockroach (D:1)
  9 goblins
  8 hobgoblins
  A quokka (D:3)
  8 ball pythons
  A ball python skeleton (Ossuary)
  4 bats
  22 frilled lizards
  3 hobgoblin skeletons (Ossuary)
  2 hobgoblin zombies (Ossuary)
  20 kobolds
  A kobold zombie (Ossuary)
  An orc skeleton (Ossuary)
  An orc zombie (Ossuary)
  7 rats
413 creatures vanquished.

Vanquished Creatures (others)
  A komodo dragon (Lair:1)
  A yak (Lair:3)
2 creatures vanquished.

Grand Total: 415 creatures vanquished

Notes
Turn   | Place    | Note
-------+----------+-------------------------------------------
     0 | D:1      | Dawnplanks the Troll Shapeshifter began the quest for the
                  | Orb.
     0 | D:1      | Reached XP level 1. HP: 19/19 MP: 0/0
    17 | D:1      | Found Urherhy's Distillery.
    42 | D:1      | Bought a potion of degeneration for 10 gold pieces
    64 | D:1      | Reached XP level 2. HP: 27/27 MP: 1/1
   199 | D:1      | Reached XP level 3. HP: 35/35 MP: 2/2
   232 | D:1      | Found Ijeros's Distillery.
   438 | D:1      | Found Syomn's Armour Emporium.
   438 | D:1      | Found Pustrosm's Weapon Shop.
   694 | D:2      | Found Igauh's Armour Shoppe.
   695 | D:2      | Noticed Sigmund
   706 | D:2      | Killed Sigmund
   707 | D:2      | Reached skill level 3 in Unarmed Combat
   707 | D:2      | Reached XP level 4. HP: 42/42 MP: 3/3
   707 | D:2      | Reached XP level 5. HP: 49/49 MP: 4/4
  1071 | D:3      | Reached skill level 4 in Unarmed Combat
  1407 | D:3      | Noticed Grinder
  1407 | D:3      | Paralysed by Grinder for 3 turns
  1415 | D:3      | Killed Grinder
  1416 | D:3      | Reached skill level 5 in Unarmed Combat
  1416 | D:3      | Reached XP level 6. HP: 53/57 MP: 5/5
  1518 | D:3      | Found Tasopno's Distillery.
  1652 | D:3      | Found a faded altar of an unknown god.
  1848 | D:3      | Bought 2 potions of mutation for 176 gold pieces
  1848 | D:3      | Gained mutation: You are strong-willed. (Will+) [potion of
                  | mutation]
  1848 | D:3      | Gained mutation: You have hidden genetic potential. [potion
                  | of mutation]
  1848 | D:3      | Gained mutation: You are partially covered in iridescent
                  | scales. (AC +2) [potion of mutation]
  1869 | D:4      | Reached XP level 7. HP: 63/65 MP: 6/6
  1889 | D:4      | Noticed Edmund
  1899 | D:4      | Killed Edmund
  1900 | D:4      | Reached skill level 6 in Unarmed Combat
  1946 | D:4      | Found Kuopsu's Weapon Shop.
  1957 | D:4      | Noticed Natasha
  1962 | D:4      | Reached skill level 5 in Shapeshifting
  1964 | D:4      | Killed Natasha
  1966 | D:4      | Identified the +4 scale mail of Submission {Rampage rC+}
  1990 | D:4      | Gained mutation: Your mind is acute. (Int +4, Str/Dex -1)
                  | [hidden potential]
  1997 | D:4      | Found a sand-covered staircase.
  2005 | Ossuary  | Entered an ossuary
  2098 | Ossuary  | Noticed a wraith
  2098 | Ossuary  | Noticed a flying skull
  2105 | Ossuary  | Noticed a flying skull
  2133 | Ossuary  | Noticed a flying skull
  2158 | Ossuary  | Noticed a flying skull
  2164 | Ossuary  | Noticed a wraith
  2171 | Ossuary  | Killed a wraith
  2172 | Ossuary  | Reached skill level 7 in Unarmed Combat
  2172 | Ossuary  | Reached XP level 8. HP: 52/72 MP: 7/7
  2378 | D:4      | Found Xisija Xema's Distillery.
  2430 | D:4      | Found Huar's Jewellery Emporium.
  2439 | D:4      | Reached skill level 8 in Unarmed Combat
  2457 | D:4      | Gained mutation: Your muscles are strong. (Str +4, Int/Dex
                  | -1) [hidden potential]
  2457 | D:4      | Lost mutation: You have hidden genetic potential. [hidden
                  | potential expressed]
  2483 | D:4      | Found Bogawu's Magic Scroll Boutique.
  2491 | D:4      | Bought a scroll of identify for 26 gold pieces
  2535 | D:4      | Found a white marble altar of Elyvilon.
  2536 | D:4      | Found a hazy altar of Hepliaklqana.
  2537 | D:4      | Found a radiant altar of Vehumet.
  2538 | D:4      | Found a basalt altar of Yredelemnul.
  2538 | D:4      | Found an iron altar of Okawaru.
  2542 | D:4      | Became a worshipper of Elyvilon the Healer
  2566 | D:4      | Found Guisy's Book Emporium.
  2655 | D:4      | Noticed Natasha
  2687 | D:4      | Killed Natasha
  2734 | D:4      | Noticed Natasha
  2738 | D:4      | Killed Natasha
  2749 | D:5      | Entered Level 5 of the Dungeon
  2749 | D:5      | Found a transporter.
  2819 | D:5      | Identified the +6 short sword "Rystruteo" {flame, rF++ rN+
                  | Will+ Str-5}
  2882 | D:5      | Found a transporter.
  2892 | D:5      | Noticed a kobold demonologist
  2936 | D:5      | Reached * piety under Elyvilon
  3016 | D:5      | Found a sacrificial altar of Ru.
  3066 | D:5      | Reached skill level 9 in Unarmed Combat
  3138 | D:5      | Fell from the grace of Elyvilon
  3138 | D:5      | Became a worshipper of Ru the Awakened
  3243 | D:6      | Found Pyhum's General Store.
  3286 | D:6      | Identified the +0 robe "Guatwuh" {rN+}
  3303 | D:6      | Reached XP level 9. HP: 73/80 MP: 8/8
  3324 | D:6      | Found a runed translucent door.
  3325 | D:6      | Noticed Crazy Yiuf
  3745 | D:6      | Killed Crazy Yiuf
  3786 | D:7      | Noticed Pikel
  3796 | D:7      | Killed Pikel
  3797 | D:7      | Reached skill level 10 in Unarmed Combat
  4146 | D:7      | Reached skill level 11 in Unarmed Combat
  4329 | D:7      | Gained mutation: You are hated by all. [Ru sacrifice]
  4329 | D:7      | Reached * piety under Ru
  4329 | D:7      | Reached ** piety under Ru
  4398 | D:7      | Found a staircase to the Ecumenical Temple.
  4432 | Temple   | Entered the Ecumenical Temple
  4785 | D:8      | Reached XP level 10. HP: 48/85 MP: 9/9
  4962 | D:8      | Noticed a two-headed ogre
  4969 | D:8      | Killed a two-headed ogre
  4970 | D:8      | Reached skill level 12 in Unarmed Combat
  5746 | D:9      | Reached skill level 13 in Unarmed Combat
  5758 | D:9      | Noticed Erolcha
  5762 | D:9      | Reached skill level 5 in Dodging
  5767 | D:9      | Killed Erolcha
  5768 | D:9      | Reached skill level 1 in Throwing
  5831 | D:9      | Found a staircase to the Lair.
  5851 | D:9      | Reached XP level 11. HP: 32/98 MP: 10/10
  5995 | D:9      | Found a staircase to the Orcish Mines.
  6032 | D:9      | Found an ornate altar of the Wu Jian Council.
  6407 | D:9      | Gained mutation: You occasionally lose the ability to read
                  | scrolls when taking damage. [Ru sacrifice]
  6407 | D:9      | Gained mutation: You sometimes lose the ability to read
                  | scrolls when taking damage. [Ru sacrifice]
  6407 | D:9      | Reached *** piety under Ru
  6519 | D:10     | Entered Level 10 of the Dungeon
  6849 | D:10     | Reached skill level 14 in Unarmed Combat
  7010 | D:10     | Found a burning altar of Makhleb.
  7622 | D:11     | Noticed a brown ugly thing
  7628 | D:11     | Killed a brown ugly thing
  7692 | D:11     | Noticed Urug
  7702 | D:11     | HP: 4/84 [Urug/+4 great sword of draining (1)]
  7703 | D:11     | Killed Urug
  8139 | Lair:1   | Entered Level 1 of the Lair of Beasts
  8193 | Lair:1   | Reached skill level 15 in Unarmed Combat
  8239 | Lair:1   | Noticed a six-headed hydra
  8323 | D:12     | Noticed a centaur warrior
  8323 | D:12     | Found a runed translucent door.
  8675 | Lair:1   | Gained mutation: You cannot be stealthy. [Ru sacrifice]
  8865 | Lair:2   | Reached XP level 12. HP: 98/107 MP: 11/11
  8882 | Lair:2   | Reached skill level 1 in Armour
  8935 | Lair:2   | You fall into a shaft and drop 2 floors!
  9051 | Lair:4   | Reached skill level 16 in Unarmed Combat
  9139 | Lair:4   | Found a dark tunnel.
  9149 | Volcano  | Entered a volcano
  9474 | Volcano  | Found a bloodstained altar of Trog.
  9508 | Volcano  | Noticed a fire dragon
  9512 | Volcano  | Killed a fire dragon
  9605 | Volcano  | Identified the +1 helmet of Fegem {+Blink rPois Str-3
                  | Dex+6}
  9842 | Lair:4   | Noticed a catoblepas
  9842 | Lair:4   | Noticed a catoblepas
  9855 | Lair:4   | Killed a catoblepas
  9860 | Lair:4   | Killed a catoblepas
  9984 | Lair:3   | Reached XP level 13. HP: 107/117 MP: 12/12
 10146 | Lair:3   | Reached skill level 17 in Unarmed Combat
 10155 | Lair:2   | Found a staircase to the Swamp.
 10256 | D:6      | Bought the +5 Storm Queen's Shield {shock, Fly rElec} for
                  | 501 gold pieces
 10256 | D:6      | Found the +5 Storm Queen's Shield {shock, Fly rElec}
 10502 | Lair:2   | Identified 3 scrolls of acquirement
 10547 | Lair:2   | Acquired a manual of Armour
 10549 | Lair:2   | Acquired a manual of Unarmed Combat
 10551 | Lair:2   | Acquired a manual of Fighting
 10974 | Lair:3   | Reached skill level 5 in Fighting
 11118 | Lair:3   | Reached skill level 1 in Shields
 11131 | Lair:3   | Reached skill level 18 in Unarmed Combat
 11405 | Lair:3   | Found a hole to the Spider Nest.
 12216 | Lair:4   | Noticed an azure jelly
 12225 | Lair:4   | Slain by an azure jelly

Illustrated notes

Levels and vault maps discovered:
D:1:      nzn_arrival_water_spiral, layout_rooms, serial_shops, shop, shop,
          nicolae_shop_gibbet_a_chance, nicolae_square_shop,
          chequers_serial_rivers_large_a, minmay_quantized
D:2:      layout_rooms, serial_shops, shop_statue, uniq_sigmund
D:3:      layout_basic, serial_shops, shop, basic_ecumenical_altar, uniq_grinder
D:4:      layout_cave_pools, grunt_temple_overflow_open, serial_shops,
          shop_statue, nicolae_square_shop, kennysheep_mini_moat, shop,
          nicolae_shop_tiny_waterfront, gup_ossuary_entry_pyramid, uniq_edmund,
          uniq_natasha
D:5:      gammafunk_wand_slinger, layout_rooms, nicolae_ru_path_of_blood
D:6:      layout_basic, serial_shops, shop, uniq_crazy_yiuf_cottage
D:7:      layout_cave_pods, minmay_temple_entry_enclosed_plants, uniq_pikel
D:8:      layout_basic
D:9:      layout_long_grid, pdpol_wu_jian_five_deadly_venoms, erik_lair_island,
          orc_0_dummy, kennysheep_diamond, due_unseen_surprise, uniq_erolcha
D:10:     layout_loops_ring, lightli_temple_of_fire
D:11:     layout_roguey, uniq_urug
D:12:     layout_long_grid, ebering_ghost_reflecting_pool, uniq_rupert
Temple:   jpeg_temple_clearing
Lair:1:   layout_regular_city, grunt_megastairs_5
Lair:2:   layout_roguey, swamp_mist, patterned_corridor, grunt_megastairs_2
Lair:3:   lemuel_reptile_caves, layout_gridlike,
          nicolae_spider_entry_tight_spaces, st_stairs_12
Lair:4:   nzn_motion_control, layout_loops_ring, enter_volcano_4,
          nicolae_lair_time_for_slime, serial_bayou_shore_a

Skill      XL: |  1  2  3  4  5  6  7  8  9 10 11 12 13 |
---------------+----------------------------------------+-----
Dodging        | 2 3 4 5 6 7 |  7.0
Unarmed Combat | 3 5 7 9 11 13 15 16 18 | 18.7
Shapeshifting  | 4 5 6 7 9 |  9.5
Fighting       | 2 3 4 5 |  5.3
Throwing       | 1 |  1.6
Armour         | 3 4 |  4.9
Shields        | 1 |  1.8

Action                     |  1- 3 |  4- 6 |  7- 9 | 10-12 | 13-15 || total
---------------------------+-------+-------+-------+-------+-------++-------
  Melee: Unarmed           |    50 |    61 |   165 |   384 |   220 ||   880
         Punch             |       |     3 |     8 |    30 |     7 ||    48
  Throw: Dart              |       |       |     1 |     3 |       ||     4
         Boomerang         |       |       |       |     4 |       ||     4
 Invoke: Sacrifice Love    |       |       |     1 |       |       ||     1
         Draw Out Power    |       |       |       |     3 |     2 ||     5
         Sacrifice Words   |       |       |       |     1 |       ||     1
         Sacrifice Stealth |       |       |       |     1 |       ||     1
         Reject Sacrifices |       |       |       |       |     1 ||     1
    Use: Potion            |       |     1 |       |     2 |     1 ||     4
         Scroll            |       |       |     5 |     6 |     5 ||    16
   Stab: Sleeping          |       |       |     7 |       |       ||     7
         Distracted        |       |       |       |     3 |     1 ||     4
         Petrifying        |       |       |       |     1 |     2 ||     3
         Petrified         |       |       |       |     1 |       ||     1
         Invisible         |       |       |       |       |     6 ||     6
 Armour: Animal skin       |    10 |    16 |    12 |       |       ||    38
         Steam dragon scal |       |       |    26 |    52 |       ||    78
         Troll leather arm |       |       |       |    34 |    40 ||    74
  Dodge: Dodged            |    17 |    20 |    71 |   168 |    63 ||   339
  Block: Kite shield       |       |       |       |       |    70 ||    70

Table legend: (Time is in decaauts)
 A = Elapsed time spent in this place.
 B = Non-inter-level travel time spent in this place.
 C = Inter-level travel time spent in this place.
 D = Time resting spent in this place.
 E = Time spent auto-exploring this place.
 F = Levels seen in this place.
 G = Mean time per level.
                   A        B        C        D        E       F      G
               +--------+--------+--------+--------+--------+-----+--------+
         Total |  12051 |  10971 |   1080 |    131 |   8708 |  19 |  634.3 |
       Dungeon |   7946 |   7170 |    776 |     98 |   5825 |  12 |  662.2 |
        Temple |    107 |     95 |     12 |      0 |     82 |   1 |  107.0 |
          Lair |   3095 |   2804 |    291 |     33 |   2181 |   4 |  773.8 |
       Ossuary |    340 |    340 |      0 |      0 |    191 |   1 |  340.0 |
       Volcano |    561 |    561 |      0 |      0 |    429 |   1 |  561.0 |
               +--------+--------+--------+--------+--------+-----+--------+

Top non-repeatable levels by time:
     D:9: 1049 daAuts
  Lair:3: 1038 daAuts
     D:8: 919 daAuts
     D:7: 886 daAuts
    D:10: 873 daAuts
     D:3: 785 daAuts
  Lair:4: 772 daAuts
    D:11: 741 daAuts
  Lair:2: 716 daAuts
     D:1: 644 daAuts
     D:6: 579 daAuts
  Lair:1: 568 daAuts
     D:4: 561 daAuts
 Volcano: 561 daAuts
     D:5: 479 daAuts
